 Dungeon Crawl Stone Soup version 0.30-a0-959-g3818848631 (webtiles) character file.

Game seed: 5527073816147696726

12 Jane2 the Cutter (level 2, 0/24 HPs)
             Began as a Ghoul Gladiator on Mar 30, 2023.
             Slain by a jackal (2 damage)
             ... on level 1 of the Dungeon.
             The game lasted 00:01:22 (189 turns).

Jane2 the Cutter (Ghoul Gladiator)                   Turns: 189, Time: 00:01:22

Health: 0/24       AC:  4    Str: 17    XL:     2   Next: 33%
Magic:  1/1        EV: 12    Int:  3    God:
Gold:   12         SH:  0    Dex: 10    Spells: 1/1 levels left

rFire   . . .      SeeInvis .    a - +0 rapier
rCold   + . .      Faith    .    (no shield)
rNeg    + + +      Spirit   .    b - +0 leather armour
rPois   ∞          Reflect  .    c - +0 helmet
rElec   .          Rampage  .    (no cloak)
rCorr   .                        (no gloves)
Will    .....                    (no boots)
Stlth   +                        (no amulet)
HPRegen 0.00/turn                (no ring)
MPRegen 0.07/turn                (no ring)

@: inhibited regen
A: claws 1, cold resistance 1, negative energy resistance 3, inhibited
regeneration, torment resistance 2, devour on kill
a: no special abilities


You were on level 1 of the Dungeon.
You visited 1 branch of the dungeon, and saw 1 of its levels.

You collected 12 gold pieces.

Inventory:

Hand Weapons
 a - a +0 rapier (weapon)
Missiles
 d - 3 throwing nets (quivered)
 e - a javelin
Armour
 b - a +0 leather armour (worn)
 c - a +0 helmet (worn)
Scrolls
 g - a scroll of fog {unknown}
 h - a scroll of noise {unknown}
Potions
 f - a potion of lignification {unknown}


   Skills:
 + Level 2.2 Fighting
 + Level 3.0 Short Blades
 + Level 1.8 Throwing
 + Level 0.2 Armour
 + Level 2.9 Dodging


You had one spell level left.
You didn't know any spells.
Your spell library was empty.

Dungeon Overview and Level Annotations

Branches:
Dungeon (1/15)

Altars:


Innate Abilities, Weirdness & Mutations

You are immune to poison.
You have sharp fingernails.
Your flesh is cold resistant. (rC+)
You are immune to negative energy. (rN+++)
You do not regenerate when monsters are visible.
You are immune to unholy pain and torment.
You thrive by killing the living.


Message History

The bat hits you but does no damage.
A jackal comes into view.
The jackal barks!
The bat hits you.
* * * LOW HITPOINT WARNING * * *
A jackal comes into view.
The bat hits you.
* * * LOW HITPOINT WARNING * * *
You see here a fuming silvery potion.
You barely miss the bat.
The bat is severely wounded.
The jackal barks!
The bat closely misses you. The bat hits you but does no damage.
The bat hits you but does no damage.
A gnoll comes into view. It is wielding a +0 whip.
The bat barely misses you. The bat attacks as you move away!
The bat closely misses you. The bat misses you. The bat barely misses you.
You hit the jackal but do no damage. The bat closely misses you.
The jackal barely misses you.
You miss the jackal. The bat completely misses you.
The jackal closely misses you.
The jackal bites you but does no damage.
The jackal closely misses you.
You miss the jackal. The jackal bites you.
* * * LOW HITPOINT WARNING * * *
A rat comes into view.
The jackal barely misses you. The bat closely misses you.
The jackal attacks as you move away! The jackal barely misses you.
The bat closely misses you. The bat misses you. The jackal barely misses you.
You closely miss the bat.
The bat is moderately wounded.
The bat hits you but does no damage.
The jackal bites you but does no damage.
The jackal closely misses you. The jackal attacks as you move away!
The jackal bites you.
* * * LOW HITPOINT WARNING * * *
The jackal bites you.
You die...

... ..# ..... # ##.###
#.# .... #. ..#.#.#
#.##....
#.###.#.#.###....#
#.....†..........#
#.#.##w####......#
#...##.# #..!.).#
###....####bg....####
#..)....@hh.........
#.########.)....#### #.#
#......# #.# ######## #.#
#.##### ######### ###
#.#..(# #.##....###..
#.#...# #.....#......
#.#...#######.#..###....~


You could see a gnoll, 2 jackals and a bat.

Vanquished Creatures
  A dart slug (D:1)
  2 goblins (D:1)
  4 jackals (D:1)
  2 kobolds (D:1)
9 creatures vanquished.

Notes
Turn   | Place    | Note
-------+----------+-------------------------------------------
     0 | D:1      | Jane2 the Ghoul Gladiator began the quest for the Orb.
     0 | D:1      | Reached XP level 1. HP: 17/17 MP: 0/0
   151 | D:1      | Reached XP level 2. HP: 7/24 MP: 1/1
   172 | D:1      | Reached skill level 3 in Short Blades
   189 | D:1      | Slain by a jackal

Illustrated notes

Levels and vault maps discovered:
D:1:      dpeg_arrival_more_subterranean_lakeside_camping, layout_basic,
          chequers_serial_rivers_micro_c, minmay_misc_feat_nine_boxes,
          minmay_pentomino_z2

Skill      XL: |  1  2 |
---------------+-------+-----
Short Blades   | 3 |  3.0
Fighting       | |  2.2
Throwing       | |  1.8
Armour         | |  0.2
Dodging        | |  2.9

Action                     || total
---------------------------++-------
  Melee: Rapier            ||    38
 Armour: Leather armour    ||    33
  Dodge: Dodged            ||    65

Table legend: (Time is in decaauts)
 A = Elapsed time spent in this place.
 B = Non-inter-level travel time spent in this place.
 C = Inter-level travel time spent in this place.
 D = Time resting spent in this place.
 E = Time spent auto-exploring this place.
 F = Levels seen in this place.
 G = Mean time per level.
                   A        B        C        D        E       F      G
               +--------+--------+--------+--------+--------+-----+--------+
         Total |    191 |    123 |     68 |      0 |     47 |   1 |  191.0 |
       Dungeon |    191 |    123 |     68 |      0 |     47 |   1 |  191.0 |
               +--------+--------+--------+--------+--------+-----+--------+

Top non-repeatable levels by time:
     D:1: 191 daAuts
